Map: 16-Bit LE

Players

Gee

  • Race: Zerg Zerg
  • League: Diamond
  • Spawn Location: 7:00

Dauntless - Winner!

  • Race: Protoss Protoss
  • League: Diamond
  • Spawn Location: 1:00

VOD

Have the link to the VOD?

Description

Time

  • Played on: June 23, 2018, 6:54 p.m.
  • Length: 18:53
Show
View Real Time Build Order
Export as new Build Order

Gee Zerg 

Build Orders: Pool First, Lurkers 

Get SALT Encoding   

  12  0:22  Spawning Pool  
  12  0:23  Drone  
  12  0:33  Drone x2  
  14  0:42  Overlord  
  14  1:09  Zergling x6  
  17  1:23  Hatchery  
  16  1:26  Drone  
  17  1:38  Queen  
  17  1:39  Drone  
  20  1:44  Drone  
  21  1:56  Drone  
  22  2:08  Overlord  
  21  2:28  Drone x2  
  22  2:40  Drone x2  
  22  2:41  Queen x2  
  28  2:47  Drone x2  
  30  3:05  Drone  
  30  3:06  Drone  
  32  3:15  Drone, Extractor  
  32  3:16  Drone  
  32  3:26  Hatchery, Drone x2  
  33  3:30  Drone  
  33  3:31  Drone  
  33  3:33  Extractor  
  34  3:35  Extractor  
  34  3:39  Queen  
  35  3:44  Drone  
  36  4:00  Overlord  
  36  4:01  Overlord  
  36  4:05  Evolution Chamber  
  35  4:14  Overlord  
  35  4:15  Overlord  
  35  4:18  Queen  
  35  4:21  Evolution Chamber, Drone x4  
  35  4:22  Drone, Extractor  
  40  4:30  Drone x2  
  42  4:32  Drone  
  43  4:42  Lair  
  43  4:44  Drone  
  44  4:47  Drone  
  44  4:52  Drone x2  
  47  4:54  Drone  
  47  4:57  Drone  
  49  5:02  Drone x2  
  49  5:05  Drone  
  52  5:07  Drone  
  52  5:11  Spore Crawler  
  52  5:14  Drone x2  
  52  5:17  Drone  
  52  5:19  Drone  
  56  5:25  Drone x2  
  56  5:27  Drone  
  59  5:30  Drone x2  
  59  5:32  Drone  
  59  5:34  Drone  
  63  5:36  Drone x2  
  63  5:38  Drone  
  63  5:40  Drone  
  63  5:42  Drone  
  68  5:54  Drone x6  
  74  5:58  Zerg Melee Weapons Level 1  
  74  6:01  Zerg Ground Armor Level 1  
  74  6:03  Overseer  
  74  6:05  Overseer  
  74  6:07  Pneumatized Carapace  
  74  6:08  Burrow  
  74  6:19  Extractor  
  74  6:20  Spore Crawler, Extractor  
  74  6:22  Spine Crawler, Drone x3  
  74  6:25  Spine Crawler, Zergling x4  
  74  6:30  Roach Warren  
  74  6:32  Hydralisk Den  
  72  6:37  Spore Crawler  
  72  6:38  Drone x3  
  74  6:55  Overlord x2  
  74  7:02  Overlord x3  
  74  7:09  Spine Crawler  
  74  7:10  Evolution Chamber  
  72  7:22  Roach x5  
  84  7:23  Overlord x3, Roach  
  84  7:24  Hydralisk x5  
  84  7:27  Grooved Spines  
  84  7:28  Glial Reconstitution  
  84  7:29  Metabolic Boost  
  94  7:43  Drone x4  
  94  7:44  Hatchery  
  97  7:49  Drone  
  97  7:50  Drone  
  99  7:56  Roach x2  
  103  8:03  Overseer x3  
  103  8:10  Drone x3  
  106  8:15  Lurker Den  
  106  8:19  Infestation Pit  
  104  8:21  Drone x4  
  108  8:31  Drone x3  
  111  8:37  Drone x3  
  111  8:39  Muscular Augments  
  114  8:42  Hydralisk x2  
  114  8:45  Zerg Melee Weapons Level 2  
  114  8:46  Zerg Missile Weapons Level 1  
  118  8:50  Zerg Ground Armor Level 2  
  118  8:55  Drone x3  
  121  8:57  Hive  
  121  8:58  Overlord x3  
  121  9:10  Drone x2  
  121  9:11  Drone x5  
  121  9:15  Hatchery, Hydralisk  
  121  9:16  Hydralisk x3  
  135  9:18  Extractor  
  135  9:19  Spine Crawler, Extractor  
  135  9:20  Spore Crawler  
  135  9:23  Hydralisk  
  135  9:24  Hydralisk x4  
  141  9:46  Queen x2  
  141  9:47  Queen  
  141  9:48  Drone x7  
  154  10:00  Spine Crawler  
  154  10:01  Hydralisk x2  
  154  10:02  Hydralisk x4  
  154  10:03  Drone x2  
  167  10:12  Pathogen Glands  
  167  10:14  Adrenal Glands  
  167  10:18  Ultralisk Cavern  
  166  10:22  Queen, Spine Crawler  
  166  10:26  Spine Crawler  
  166  10:28  Overlord  
  166  10:29  Overlord x8, Spire  
  166  10:30  Spire  
  164  10:48  Roach x6  
  176  10:53  Swarm Host x2  
  176  10:54  Swarm Host  
  188  11:00  Lurker  
  188  11:01  Lurker x5  
  188  11:02  Lurker  
  195  11:08  Zergling x2  
  195  11:09  Zergling x2  
  195  11:10  Drone x3  
  200  11:11  Overseer  
  200  11:28  Zerg Missile Weapons Level 2, Zerg Melee Weapons Level 3  
  200  11:50  Hatchery  
  199  11:54  Extractor  
  199  11:57  Hatchery  
  199  12:00  Greater Spire  
  199  12:01  Zerg Flyer Weapons Level 1, Corruptor  
  199  12:40  Drone  
  200  12:55  Overseer x2  
  200  13:03  Spine Crawler  
  200  13:04  Spore Crawler, Spine Crawler x2  
  196  13:06  Spore Crawler  
  190  13:52  Corruptor x5  
  151  14:25  Brood Lord  
  151  14:26  Corruptor x2, Brood Lord  
  151  14:27  Corruptor x5  
  101  14:43  Corruptor x2  
  103  14:49  Brood Lord x2  
  103  14:52  Corruptor x2  
  101  14:53  Corruptor  
  101  14:54  Corruptor x3  
  101  14:57  Spore Crawler  
  101  14:58  Spine Crawler  
  101  14:59  Spore Crawler, Spine Crawler  
  101  15:15  Extractor  
  101  15:16  Drone x2, Extractor  
  74  15:46  Mutalisk x3  
  70  17:18  Drone x3  
  70  17:19  Drone  
  70  17:38  Hatchery  
  69  18:05  Drone  
  67  18:32  Drone  
Show
View Real Time Build Order
Export as new Build Order

Dauntless Protoss - Winner!

Build Orders: 1 Gate Expand 

Get SALT Encoding   

  12  0:00  Probe  
  13  0:12  Probe  
  14  0:21  Pylon  
  14  0:25  Probe  
  15  0:36  Probe  
  15  0:38  Assimilator  
  16  0:44  Probe  
  16  0:49  Gateway  
  17  0:52  Probe  
  18  1:00  Probe  
  18  1:08  Probe  
  20  1:20  Probe  
  21  1:31  Nexus  
  21  1:43  Cybernetics Core  
  23  1:55  Pylon  
  23  2:08  Assimilator  
  23  2:14  Zealot  
  23  2:23  Pylon  
  23  2:27  Pylon  
  22  2:54  Adept  
  24  3:10  Warp Gate  
  24  3:11  Probe  
  25  3:15  Probe  
  26  3:23  Probe  
  26  3:25  Sentry  
  29  3:28  Probe  
  30  3:35  Probe  
  30  3:40  Probe  
  32  3:47  Probe  
  33  3:52  Probe  
  33  3:54  Shield Battery  
  34  3:59  Probe, Stalker  
  37  4:06  Pylon  
  37  4:07  Probe  
  38  4:11  Probe  
  39  4:19  Probe  
  39  4:23  Probe  
  41  4:26  Pylon  
  41  4:29  Robotics Facility  
  41  4:32  Stalker  
  43  4:41  Probe x2  
  45  4:53  Twilight Council, Probe  
  45  4:59  Gateway  
  46  5:03  Gateway  
  46  5:04  Probe  
  49  5:11  Immortal  
  47  5:14  Probe  
  47  5:16  Assimilator  
  47  5:17  Probe  
  47  5:18  Assimilator  
  53  5:24  Charge  
  53  5:26  Probe  
  54  5:29  Pylon, Probe  
  54  5:32  Pylon  
  55  5:43  Gateway  
  55  5:50  Immortal  
  55  5:53  Forge  
  59  5:58  Shield Battery  
  59  5:59  Shield Battery  
  59  6:11  Adept x3  
  59  6:16  Protoss Ground Weapons Level 1  
  65  6:21  Templar Archives  
  65  6:25  Pylon  
  65  6:28  Pylon  
  65  6:32  Probe  
  66  6:33  Probe  
  67  6:50  Robotics Bay  
  67  6:53  Robotics Facility  
  67  7:02  Nexus  
  67  7:05  Assimilator  
  67  7:09  Assimilator, Psionic Storm  
  67  7:11  High Templar x2  
  71  7:17  Probe x2  
  73  7:24  Zealot  
  75  7:31  Gateway  
  75  7:41  Extended Thermal Lance  
  75  7:42  Protoss Ground Weapons Level 2  
  75  7:43  Probe x2  
  77  7:51  Probe x2  
  79  8:00  Probe  
  79  8:01  Probe  
  81  8:06  Shield Battery  
  81  8:09  Photon Cannon  
  81  8:11  Photon Cannon  
  81  8:13  Probe x2  
  83  8:23  Colossus  
  83  8:25  Probe  
  90  8:31  Probe  
  91  8:35  Colossus  
  91  8:39  High Templar  
  91  8:41  High Templar  
  101  8:42  Zealot  
  103  9:04  Zealot  
  105  9:11  Pylon  
  105  9:17  Colossus  
  105  9:23  Zealot  
  105  9:24  Protoss Ground Weapons Level 3, Zealot  
  115  9:29  Colossus  
  121  9:49  Pylon  
  121  9:50  Pylon  
  121  9:53  Pylon  
  121  10:04  Colossus  
  121  10:09  Stalker  
  121  10:11  Stalker  
  121  10:12  Colossus  
  137  10:37  Zealot x4  
  145  10:51  High Templar  
  147  11:02  Gateway  
  147  11:03  Gateway  
  147  11:05  High Templar, Gateway  
  147  11:09  Gateway x2  
  149  11:38  Pylon x2  
  149  11:40  Pylon  
  149  11:41  Pylon  
  149  11:42  Protoss Ground Armor Level 1  
  149  11:49  Nexus  
  149  11:56  Observer x2  
  151  12:02  Pylon  
  151  12:05  Pylon  
  151  12:07  Dark Shrine  
  151  12:09  Pylon  
  151  12:11  Pylon  
  151  12:13  Assimilator  
  151  12:18  Photon Cannon, Assimilator, Observer x2  
  151  12:19  Photon Cannon  
  153  12:24  Probe x3  
  156  12:34  Shield Battery  
  156  12:36  Probe x2  
  158  12:39  Observer x2  
  160  12:46  High Templar x3  
  160  12:47  High Templar x5  
  160  12:48  High Templar x2  
  180  12:51  Archon x2  
  180  12:52  Archon x2  
  180  12:54  Shield Battery  
  180  12:57  Photon Cannon  
  180  12:59  Photon Cannon  
  180  13:00  Observer  
  180  13:03  Photon Cannon  
  180  13:04  Observer  
  182  13:06  Photon Cannon  
  182  13:08  Probe x3  
  185  13:21  Colossus  
  185  13:25  Colossus  
  197  13:27  Photon Cannon  
  197  13:31  Zealot  
  199  13:34  Photon Cannon  
  199  13:37  Shield Battery  
  199  13:48  Pylon  
  197  13:51  Pylon  
  197  13:53  Dark Templar x2, Pylon  
  200  14:04  Pylon  
  200  14:05  Pylon  
  200  14:06  Pylon  
  200  14:07  Pylon  
  200  14:08  Pylon  
  198  14:14  Dark Templar x3  
  188  14:24  Dark Templar  
  188  14:25  Dark Templar x4  
  185  14:32  Dark Templar  
  185  14:37  Observer x2  
  181  14:45  Archon x3, Protoss Ground Armor Level 2  
  181  14:46  Archon x2  
  177  14:53  Zealot x3  
  177  14:58  Observer x2  
  177  15:06  Cybernetics Core  
  175  15:08  Cybernetics Core  
  148  15:57  Stargate  
  148  16:00  Stargate  
  148  16:02  Stargate  
  140  16:07  Stargate  
  140  16:09  Stargate  
  140  16:13  Dark Templar x3  
  144  16:33  Void Ray x2  
  144  16:36  Void Ray, Photon Cannon  
  144  16:39  Photon Cannon  
  144  16:44  Photon Cannon  
  156  16:47  Photon Cannon  
  156  16:48  Assimilator  
  156  16:53  Assimilator  
  156  17:03  Void Ray  
  156  17:05  Void Ray  
  164  17:23  Nexus  
  164  17:25  Void Ray  
  164  17:26  Void Ray  
  164  17:33  Photon Cannon  
  172  17:59  Void Ray  
  172  18:02  Void Ray x2  
  180  18:43  Pylon  
  180  18:44  Pylon  
Tags
 
Add a new tag
Caveats
  • Supply blocks, unpowered buildings, or Contaminate may cause inaccurate times.
  • Supply counts are checked every 10 seconds.